 Dungeon Crawl Stone Soup version 0.18-a0-1123-gbd92598 (webtiles) character file.

4913 lysy the Arsonist (level 10, 0/75 HPs)
             Began as a Deep Elf Fire Elementalist on Jan 19, 2016.
             Was a Believer of Vehumet.
             Succumbed to a killer bee's poison
             ... on level 7 of the Dungeon.
             The game lasted 00:50:23 (13992 turns).

lysy the Arsonist (Deep Elf Fire Elementalist)     Turns: 13992, Time: 00:50:24

Health: 0/75       AC: 25    Str:  5    XL:     10   Next: 27%
Magic:  18/24      EV:  2    Int: 30    God:    Vehumet [**....]
Gold:   382        SH:  0    Dex: 18    Spells: 5 memorised, 11 levels left

rFire  + . .     SeeInvis .     H - +0 quarterstaff
rCold  + . .     Gourm    .     (armour currently unavailable)
rNeg   + + +     Faith    .     (shield currently unavailable)
rPois  +         Spirit   .     (helmet currently unavailable)
rElec  +         Dismiss  .     (cloak currently unavailable)
rCorr  +         Reflect  .     (gloves currently unavailable)
SustAt .         Harm     .     (boots currently unavailable)
MR     +....     NoTele   +     o - amulet of rage
Stlth  +++.......               p - +4 ring of intelligence
                                n - ring of flight

@: brilliant, lethally poisoned (0 -> -11), tree-form, resistant, somewhat
resistant to hostile enchantments, fairly stealthy
A: no striking features
a: Renounce Religion, Evoke Berserk Rage


You were on level 7 of the Dungeon.
You worshipped Vehumet.
Vehumet was pleased with you.
You were not hungry.
You were a tree.
You visited 1 branch of the dungeon, and saw 8 of its levels.

You collected 382 gold pieces.


   Skills:
 - Level 2.1 Staves
 + Level 7.5 Dodging
 - Level 2.4 Stealth
 + Level 8.0 Spellcasting
 - Level 10.0 Conjurations
 - Level 10.0 Fire Magic


You had 11 spell levels left.
You knew the following spells:

 Your Spells              Type           Power        Failure   Level  Hunger
c - Fireball              Conj/Fire      ######....   1%          5    ####...
x - Sticky Flame          Conj/Fire      ######..     1%          4    #......
y - Freeze                Ice            ####         1%          1    None
z - Flame Tongue          Conj/Fire      #####        1%          1    None
Z - Conjure Flame         Conj/Fire      ######..     1%          3    None

Inventory:

Hand Weapons
 j - a +1 club
 A - a +2 hand axe of chopping
 H - a +0 quarterstaff (weapon)
Missiles
 m - 40 poisoned needles
 r - 148 stones
 v - 2 tomahawks (quivered)
 D - 8 needles of confusion
Armour
 a - a +1 robe (melded)
 C - a +0 cloak (melded)
Jewellery
 n - a ring of flight (left branch)
 o - an amulet of rage (around neck)
 p - a +4 ring of intelligence (right branch)
 E - an uncursed ring of sustain attributes {unknown}
Wands
 g - a wand of draining (7/15)
 i - a wand of enslavement (9/24)
 q - a wand of random effects (43/48)
 y - a wand of draining (6/15)
 F - a wand of fire (11/15)
 M - a wand of paralysis (14/24)
Scrolls
 d - a scroll of enchant armour
 k - 3 scrolls of remove curse
 s - 4 scrolls of identify {@r1}
 w - a scroll of amnesia
 z - 3 scrolls of magic mapping
 B - 2 scrolls of teleportation {@r4}
 J - a scroll of fog
 K - a scroll of enchant weapon
Potions
 f - a potion of flight
 h - a potion of lignification {!q}
 l - 3 potions of might
 t - a potion of haste {@q3}
 I - a potion of magic
Books
 b - a book of Flames

   Spells                             Type                      Level
   a - Flame Tongue                   Conjuration/Fire             1
   b - Throw Flame                    Conjuration/Fire             2
   c - Conjure Flame                  Conjuration/Fire             3
   d - Inner Flame                    Hexes/Fire                   3
   e - Sticky Flame                   Conjuration/Fire             4
   f - Fireball                       Conjuration/Fire             5
 e - a book of Frost

   Spells                             Type                      Level
   a - Freeze                         Ice                          1
   b - Throw Frost                    Conjuration/Ice              2
   c - Ozocubu's Armour               Charms/Ice                   3
   d - Throw Icicle                   Conjuration/Ice              4
   e - Summon Ice Beast               Ice/Summoning                4
   f - Condensation Shield            Ice                          4
Comestibles
 c - 5 bread rations
 x - 2 meat rations
 L - 2 chunks of flesh

Dungeon Overview and Level Annotations

Branches:
Dungeon (8/15)             Temple (0/1) D:6
   Lair: D:8-11

Altars:
Cheibriados
Fedhas
Gozag
Kikubaaqudgha
Nemelex Xobeh
Okawaru
Qazlal
Sif Muna
Trog
Vehumet
Xom
Zin

Shops:
D:5

= .▒▒ ▒▒▒.....▒.▒▒▒▒▒ .▒ ▒▒
▒▒▒▒▒▒▒.....▒.▒ ▒▒▒ ▒.▒
▒....▒▒.....▒.▒▒▒▒▒.▒ ..▒ ▒▒
▒....▒▒......[....▒.▒▒.▒▒▒▒
.▒▒▒......)......▒▒▒..........
.▒▒.....▒▒....▒▒▒▒ ▒▒▒........
.....▒▒..▒▒▒▒▒▒ ▒..▒.▒▒▒▒ ▒
..............▒▒▒▒▒ ▒[.▒.▒ .▒
..........▒▒▒...♣>▒▒▒▒.▒▒.▒ ..▒
▒......)▒.▒▒▒▒▒▒▒)[....▒▒.▒▒...
...▒............▒.▒....▒......_
.▒▒▒....▒.▒▒▒▒▒▒▒'▒▒▒▒....▒ .▒
▒....▒...▒▒▒≈≈.≈≈▒▒▒<..▒ ▒▒
▒▒▒▒▒▒▒▒...▒≈⌠)⌠≈▒▒▒▒..▒ ▒ ▒
▒...'.._.[[.▒▒..▒▒▒▒.▒▒
▒...▒≈⌠.⌠≈▒.▒▒▒........
▒...▒≈≈.≈≈▒.▒▒▒......▒▒


There were no monsters in sight!


Message History

Aim: an orc, wielding a club The sticky flame hits the orc.
You kill the orc!
Vehumet accepts your kill.
You feel your power returning.
* * * LOW HITPOINT WARNING * * *
You feel sick.
* * * LOW HITPOINT WARNING * * *
You feel sick.
Things that are here:
a hand axe; an orc skeleton
* * * LOW HITPOINT WARNING * * *
You feel sick.
There is a lethal amount of poison in your body!
* * * LOW HITPOINT WARNING * * *
You feel sick.
Things that are here:
a hand axe; an orc skeleton Drink which item? (? for menu, Esc to quit)
You feel protected.
* * * LOW HITPOINT WARNING * * *
You feel sick.
Drink which item? (? for menu, Esc to quit)
Okay, then.
Read which item? (? for menu, Esc to quit)
Okay, then.
Drink which item? (? for menu, Esc to quit)
Really quaff
h - 2 potions of lignification {!q}?
You turn into a tree.
Your roots penetrate the ground.
You die...

Action                   |  1- 3 |  4- 6 |  7- 9 | 10-12 || total
-------------------------+-------+-------+-------+-------++-------
Melee: Club              |       |    13 |       |       ||    13
       Hand axe          |       |       |     6 |       ||     6
       Quarterstaff      |       |       |    24 |       ||    24
Throw: Stone             |     1 |    31 |    28 |     1 ||    61
       Tomahawk          |       |       |    15 |    14 ||    29
 Cast: Flame Tongue      |    84 |   134 |   206 |    75 ||   499
       Sticky Flame      |       |     6 |    33 |     7 ||    46
       Conjure Flame     |       |    13 |    25 |     7 ||    45
       Freeze            |       |       |    19 |       ||    19
       Fireball          |       |       |     6 |     4 ||    10
  Use: Potion            |       |     6 |     2 |     4 ||    12
       Scroll            |       |     9 |     9 |       ||    18
  Eat: Chunk             |     3 |     9 |    16 |     3 ||    31
       Meat ration       |       |     1 |       |     1 ||     2
       Beef jerky        |       |     1 |     2 |       ||     3
       Pizza             |       |       |     1 |       ||     1
       Fruit             |       |       |     4 |       ||     4

Vault maps used:
D:1:      dpeg_arrival_tiny_c, minmay_gold_behind_fungi, eino_curves_01
D:2:      kennysheep_the_goblin_king, lemuel_coloured_pillars_altar,
          uniq_sigmund, uniq_jessica
D:3:      first_bread
D:4:      zin_statuary, grunt_temple_overflow_open
D:5:      serial_shops, shop_fountains, lightli_minifort
D:6:      minmay_temple_entry_trees
D:7:      nicolae_gozag_cash_rules_everything_around_me, marbit_many_paths,
          nicolae_overflow_crystal_walls, kennysheep_little_box,
          kennysheep_crisscross, nrook_uturn, the_bakery, okawaru_gym_becter,
          uniq_joseph, uniq_duvessa
D:8:      dk_noncrumbling_3, kennysheep_boxes

Notes
Turn   | Place    | Note
--------------------------------------------------------------
     0 | D:1      | lysy the Deep Elf Fire Elementalist began the quest for the Orb.
     0 | D:1      | Reached XP level 1. HP: 10/10 MP: 6/6
   394 | D:1      | Reached XP level 2. HP: 15/15 MP: 5/8
   482 | D:1      | Reached skill level 2 in Conjurations
   601 | D:1      | Reached skill level 4 in Fire Magic
   814 | D:1      | Reached XP level 3. HP: 19/19 MP: 6/9
  1859 | D:2      | Reached XP level 4. HP: 15/24 MP: 3/10
  2032 | D:2      | Reached skill level 3 in Conjurations
  2040 | D:2      | Found an iron altar of Okawaru.
  2134 | D:2      | Noticed Ijyb
  2146 | D:2      | Learned a level 3 spell: Conjure Flame
  2151 | D:2      | Learned a level 4 spell: Sticky Flame
  2156 | D:2      | Noticed Sigmund
  2176 | D:2      | Killed Ijyb
  2180 | D:2      | Identified a potion of resistance
  2215 | D:2      | HP: 2/24 [Sigmund/magic dart (5)]
  2689 | D:2      | HP: 1/24 [cloud of flame (23)]
  2978 | D:3      | Reached skill level 5 in Fire Magic
  2978 | D:3      | Reached XP level 5. HP: 26/28 MP: 1/11
  3308 | D:3      | Reached skill level 4 in Conjurations
  3326 | D:3      | Learned a level 1 spell: Freeze
  4030 | D:2      | Killed Sigmund
  4030 | D:2      | Reached skill level 5 in Spellcasting
  4030 | D:2      | Reached skill level 5 in Conjurations
  4030 | D:2      | Reached XP level 6. HP: 24/32 MP: 0/15
  4621 | D:2      | Noticed Jessica
  4635 | D:2      | Killed Jessica
  4635 | D:2      | Reached skill level 3 in Dodging
  5303 | D:3      | Learned a level 5 spell: Fireball
  5653 | D:4      | Found a radiant altar of Vehumet.
  5654 | D:4      | Found a bloodstained altar of Trog.
  5655 | D:4      | Found a sparkling altar of Nemelex Xobeh.
  5655 | D:4      | Found an ancient bone altar of Kikubaaqudgha.
  5655 | D:4      | Found a snail-covered altar of Cheibriados.
  5656 | D:4      | Found a blossoming altar of Fedhas.
  5661 | D:4      | Became a worshipper of Vehumet
  5697 | D:4      | Found a glowing silver altar of Zin.
  5851 | D:4      | Reached skill level 4 in Dodging
  6350 | D:5      | Entered Level 5 of the Dungeon
  6446 | D:5      | Reached XP level 7. HP: 36/36 MP: 10/16
  6727 | D:5      | Reached skill level 5 in Dodging
  6746 | D:5      | Found Fukkim's Jewellery Shoppe.
  7772 | D:6      | Reached skill level 6 in Conjurations
  7773 | D:6      | Reached skill level 6 in Fire Magic
  8053 | D:6      | Found a staircase to the Ecumenical Temple.
  8064 | D:6      | Reached XP level 8. HP: 41/41 MP: 8/17
  8641 | D:6      | Reached skill level 6 in Spellcasting
  8897 | D:6      | Reached * piety under Vehumet
  8897 | D:6      | Offered knowledge of Sting by Vehumet.
  8897 | D:6      | Reached skill level 6 in Dodging
  9386 | D:7      | Found a deep blue altar of Sif Muna.
  9425 | D:7      | Found a shimmering altar of Xom.
  9492 | D:7      | Reached skill level 7 in Conjurations
  9492 | D:7      | Reached skill level 7 in Fire Magic
  9925 | D:7      | Found an iron altar of Okawaru.
  9960 | D:7      | Noticed Joseph
  9976 | D:7      | Reached skill level 1 in Staves
  9976 | D:7      | Reached skill level 2 in Staves
  9976 | D:7      | Reached XP level 9. HP: 27/45 MP: 5/21
 10400 | D:7      | Killed Joseph
 10400 | D:7      | Reached skill level 8 in Conjurations
 10400 | D:7      | Reached skill level 8 in Fire Magic
 11221 | D:7      | Found a stormy altar of Qazlal.
 11281 | D:7      | Reached skill level 9 in Fire Magic
 11450 | D:7      | Noticed Duvessa
 11450 | D:7      | Noticed Dowan
 11474 | D:7      | Killed Duvessa
 11474 | D:7      | Reached skill level 9 in Conjurations
 12357 | D:8      | Offered knowledge of Sandblast by Vehumet.
 12457 | D:8      | Reached ** piety under Vehumet
 12508 | D:8      | Reached XP level 10. HP: 34/50 MP: 9/22
 12666 | D:8      | Reached skill level 10 in Conjurations
 12666 | D:8      | Reached skill level 10 in Fire Magic
 12765 | D:8      | Reached skill level 7 in Spellcasting
 13311 | D:8      | Reached skill level 7 in Dodging
 13504 | D:7      | Killed Dowan
 13857 | D:7      | Found an opulent altar of Gozag.
 13986 | D:7      | Reached skill level 8 in Spellcasting
 13988 | D:7      | HP: 4/50 [poisoned by a killer bee]
 13990 | D:7      | HP: 1/50 [poisoned by a killer bee]
 13992 | D:7      | Succumbed to a killer bee's poison

Vanquished Creatures
  Joseph (D:7)
  Sigmund (D:2)
  A wyvern (D:8)
  A hungry ghost (D:8)
  4 hippogriffs (D:7)
  A water moccasin (D:7)
  Duvessa (D:7)
  2 ice beasts
  4 orc warriors
  A sky beast (D:6)
  A black bear (D:8)
  A necrophage (D:8)
  A phantom (D:8)
  4 centaurs
  A big kobold (D:7)
  2 giant frogs
  A gnoll sergeant (D:8)
  Dowan (D:7)
  5 scorpions
  3 killer bees (D:7)
  6 wights (D:7)
  3 jellies
  4 crimson imps
  5 orc priests
  A hound (D:7)
  5 orc wizards
  A centaur skeleton (D:6)
  Ijyb (D:2)
  Jessica (D:2)
  3 iguanas
  3 worker ants
  A killer bee zombie (D:7)
  15 gnolls
  17 adders
  2 shadow imps
  An adder skeleton (D:7)
  2 worms
  7 giant geckos
  27 orcs
  4 ball pythons
  11 bats
  3 giant cockroaches
  17 goblins
  18 hobgoblins
  8 jackals
  4 quokkas
  A giant gecko skeleton (D:5)
  7 giant newts
  A jackal skeleton (D:8)
  11 kobolds
  A quokka skeleton (D:7)
  9 rats
237 creatures vanquished.

Vanquished Creatures (others)
  9 fungi (D:1)
9 creatures vanquished.

Grand Total: 246 creatures vanquished
